NYP
STATEN ISLAND YANKEES @ IDAHO FALLS CHUKARS
08/11/2047
 
TOP OF THE 1ST
Staten Island Yankees batting - Pitching for Idaho Falls Chukars : LHP Shinkichi Kawase
Pitching: LHP Shinkichi Kawase
Batting: RHB Francisco Vargas 0-0: Called Strike
0-1: Ball
1-1: Called Strike
1-2: Strikes out swinging, 2-3 out at first.
Batting: RHB Mike Zern 0-0: Fly out, F4 (Popup, 34D, EV 65.6 MPH)
Batting: RHB Brian Warren 0-0: Swinging Strike
0-1: Ball
1-1: Ball
2-1: Foul Ball, location: 2F
2-2: Foul Ball, location: 2F
2-2: Foul Ball, location: 2F
2-2: Ground out 5-3 (Groundball, 56, EV 81.9 MPH)
Top of the 1st over - 0 runs, 0 hits, 0 errors, 0 left on base; Staten Island 0 - Idaho Falls 0
BOTTOM OF THE 1ST
Idaho Falls Chukars batting - Pitching for Staten Island Yankees : RHP Ben Cunningham
Pitching: RHP Ben Cunningham
Batting: RHB Brett Steele 0-0: Ball
1-0: Called Strike
1-1: Foul Ball, location: 2F
1-2: Strikes out swinging
Batting: SHB Darius Vinson 0-0: Ball
1-0: Foul Ball, location: 2F
1-1: Foul Ball, location: 2F
1-2: Strikes out looking
Batting: RHB Chang-keun Baik 0-0: Ball
1-0: Called Strike
1-1: Ball
2-1: Swinging Strike
2-2: Strikes out swinging
Bottom of the 1st over - 0 runs, 0 hits, 0 errors, 0 left on base; Staten Island 0 - Idaho Falls 0
TOP OF THE 2ND
Staten Island Yankees batting - Pitching for Idaho Falls Chukars : LHP Shinkichi Kawase
Batting: RHB Pat Pemberton 0-0: Called Strike
0-1: Ball
1-1: Foul Ball, location: 2F
1-2: Ball
2-2: Ball
3-2: Reached on error, E6 (Groundball, 56, EV 88.1 MPH)
Batting: RHB Nate Singleton 0-0: Foul Ball, location: 2F
0-1: Called Strike
0-2: Ground out 6-3 (Groundball, 6, EV 76.9 MPH)
Batting: LHB Dario Segura 0-0: Foul Ball, location: 2F
0-1: Swinging Strike
0-2: Strikes out swinging
Batting: RHB Norimoto Miyanishi 0-0: Ball
1-0: Called Strike
1-1: Ball
2-1: Ball
3-1: Called Strike
3-2: Strikes out swinging
Top of the 2nd over - 0 runs, 0 hits, 1 error, 1 left on base; Staten Island 0 - Idaho Falls 0
BOTTOM OF THE 2ND
Idaho Falls Chukars batting - Pitching for Staten Island Yankees : RHP Ben Cunningham
Batting: LHB Corey Lewis 0-0: Ball
1-0: Swinging Strike
1-1: Foul Ball, location: 2F
1-2: Ball
2-2: Ground out U3 (Groundball, 3, EV 87.5 MPH)
Batting: LHB Edgar Ortiz 0-0: Foul Ball, location: 2F
0-1: Called Strike
0-2: Ball
1-2: Foul Ball, location: 2F
1-2: Foul Ball, location: 2F
1-2: Strikes out looking
Batting: RHB Jose Lozano 0-0: Called Strike
0-1: Ball
1-1: Foul Ball, location: 2F
1-2: Foul Ball, location: 2F
1-2: Ball
2-2: Strikes out swinging
Bottom of the 2nd over - 0 runs, 0 hits, 0 errors, 0 left on base; Staten Island 0 - Idaho Falls 0
TOP OF THE 3RD
Staten Island Yankees batting - Pitching for Idaho Falls Chukars : LHP Shinkichi Kawase
Batting: LHB Joe Vida 0-0: Ball
1-0: Foul Ball, location: 2F
1-1: Ball
2-1: Foul Ball, location: 2F
2-2: Foul Ball, location: 2F
2-2: Foul Ball, location: 2F
2-2: Strikes out swinging
Batting: RHB Danny Ayala 0-0: Called Strike
0-1: Foul Ball, location: 2F
0-2: Foul Ball, location: 2F
0-2: Ball
1-2: Strikes out looking
Batting: RHB Francisco Vargas 0-0: Ground out 1-3 (Groundball, 13, EV 64.4 MPH)
Top of the 3rd over - 0 runs, 0 hits, 0 errors, 0 left on base; Staten Island 0 - Idaho Falls 0
BOTTOM OF THE 3RD
Idaho Falls Chukars batting - Pitching for Staten Island Yankees : RHP Ben Cunningham
Batting: RHB Vance Coen 0-0: Ball
1-0: Ball
2-0: Ball
3-0: Called Strike
3-1: Reached on error, E3 (Groundball, 13, EV 81.9 MPH)
Batting: RHB Adam Krieger 0-0: Ball
1-0: Ball
Passed Ball!
Vance Coen to second
2-0: Foul Ball, location: 2F
2-1: Called Strike
2-2: Ball
3-2: Foul Ball, location: 2F
3-2: Strikes out swinging
Batting: RHB Rogelio Losano 0-0: Ball
1-0: Ball
2-0: Ball
3-0: Called Strike
3-1: Base on Balls
Batting: RHB Brett Steele 0-0: Ball
1-0: Ball
2-0: Ball
3-0: Called Strike
3-1: SINGLE (Groundball, 6MS, EV 71.2 MPH) (infield hit)
Vance Coen to third
Rogelio Losano to second
Batting: SHB Darius Vinson 0-0: Ball
1-0: Ball
2-0: Foul Ball, location: 2F
2-1: Ball
3-1: Base on Balls
Vance Coen scores
Rogelio Losano to third
Brett Steele to second
Batting: RHB Chang-keun Baik 0-0: Ball
1-0: Fly out, F7 (Flyball, 78S, EV 81.9 MPH)
Runner from 3rd tags up, SCORES, throw by LF
Batting: LHB Corey Lewis 0-0: Ground out U3 (Groundball, 3, EV 86.2 MPH)
Bottom of the 3rd over - 2 runs, 1 hit, 1 error, 2 left on base; Staten Island 0 - Idaho Falls 2
TOP OF THE 4TH
Staten Island Yankees batting - Pitching for Idaho Falls Chukars : LHP Shinkichi Kawase
Batting: RHB Mike Zern 0-0: Called Strike
0-1: Swinging Strike
0-2: Strikes out looking
Batting: RHB Brian Warren 0-0: Ball
1-0: Ball
2-0: Ball
3-0: Called Strike
3-1: Ground out 1-3 (Groundball, 15S, EV 68.1 MPH)
Batting: RHB Pat Pemberton 0-0: Fly out, F9 (Flyball, 9LM, EV 87.5 MPH)
Top of the 4th over - 0 runs, 0 hits, 0 errors, 0 left on base; Staten Island 0 - Idaho Falls 2
BOTTOM OF THE 4TH
Idaho Falls Chukars batting - Pitching for Staten Island Yankees : RHP Ben Cunningham
Batting: LHB Edgar Ortiz 0-0: Ball
1-0: Fly out, F5 (Line Drive, 5L, EV 63.8 MPH)
Batting: RHB Jose Lozano 0-0: Ball
1-0: Ball
2-0: Ball
3-0: Base on Balls
Batting: RHB Vance Coen 0-0: Ball
Jose Lozano is caught stealing 2nd base 2-4
1-0: Ball
2-0: Called Strike
2-1: Called Strike
2-2: Ground out 3-1 (Groundball, 13, EV 86.2 MPH)
Bottom of the 4th over - 0 runs, 0 hits, 0 errors, 0 left on base; Staten Island 0 - Idaho Falls 2
TOP OF THE 5TH
Staten Island Yankees batting - Pitching for Idaho Falls Chukars : LHP Shinkichi Kawase
Batting: RHB Nate Singleton 0-0: Called Strike
0-1: Ground out 6-3 (Groundball, 56, EV 105.0 MPH)
Batting: LHB Dario Segura 0-0: Ball
1-0: Called Strike
1-1: Foul Ball, location: 2F
1-2: Ball
2-2: Ball
3-2: Ground out U3 (Groundball, 34, EV 80.0 MPH)
Batting: RHB Norimoto Miyanishi 0-0: Ball
1-0: Ball
2-0: Foul Ball, location: 2F
2-1: Called Strike
2-2: Foul Ball, location: 2F
2-2: Strikes out looking
Top of the 5th over - 0 runs, 0 hits, 0 errors, 0 left on base; Staten Island 0 - Idaho Falls 2
BOTTOM OF THE 5TH
Idaho Falls Chukars batting - Pitching for Staten Island Yankees : RHP Ben Cunningham
Batting: RHB Adam Krieger 0-0: Ball
1-0: Ball
2-0: Ball
3-0: Base on Balls
Pitching: RHP Jake Bryant
Batting: RHB Rogelio Losano 0-0: Swinging Strike
0-1: Fly out, F6 (Line Drive, 6, EV 66.9 MPH)
Batting: RHB Brett Steele 0-0: Ball
1-0: Swinging Strike
1-1: Ball
2-1: Foul Ball, location: 2F
2-2: Strikes out swinging
Batting: SHB Darius Vinson 0-0: Called Strike
0-1: Ball
1-1: Ball
2-1: Ball
3-1: Hit by Pitch
Adam Krieger to second
Batting: RHB Chang-keun Baik 0-0: Ball
1-0: Foul Ball, location: 2F
1-1: Ball
2-1: Foul Ball, location: 2F
2-2: Foul Ball, location: 2F
2-2: Ball
3-2: Foul Ball, location: 2F
3-2: Strikes out swinging
Bottom of the 5th over - 0 runs, 0 hits, 0 errors, 2 left on base; Staten Island 0 - Idaho Falls 2
TOP OF THE 6TH
Staten Island Yankees batting - Pitching for Idaho Falls Chukars : LHP Shinkichi Kawase
Pitching: RHP Kolenka Leschenya
Batting: LHB Joe Vida 0-0: Ball
1-0: Called Strike
1-1: Called Strike
1-2: Strikes out swinging
Batting: RHB Danny Ayala 0-0: Ball
1-0: Ball
2-0: Ball
3-0: Called Strike
3-1: DOUBLE (Flyball, 8LXD, EV 94.4 MPH)
Batting: RHB Francisco Vargas 0-0: Ball
1-0: Swinging Strike
1-1: Called Strike
1-2: Fly out, F8 (Flyball, 8LM, EV 90.0 MPH)
Batting: RHB Mike Zern 0-0: Ball
1-0: Called Strike
1-1: Ball
2-1: Swinging Strike
2-2: Ball
3-2: Strikes out swinging
Top of the 6th over - 0 runs, 1 hit, 0 errors, 1 left on base; Staten Island 0 - Idaho Falls 2
BOTTOM OF THE 6TH
Idaho Falls Chukars batting - Pitching for Staten Island Yankees : RHP Jake Bryant
Batting: LHB Corey Lewis 0-0: Called Strike
0-1: Called Strike
0-2: Strikes out looking
Batting: LHB Edgar Ortiz 0-0: Ball
1-0: Ball
2-0: SINGLE (Groundball, 3D, EV 96.2 MPH)
Batting: RHB Jose Lozano 0-0: Ball
1-0: Foul Ball, location: 2F
1-1: Called Strike
1-2: Foul Ball, location: 2F
1-2: Strikes out swinging
Batting: RHB Vance Coen 0-0: Ball
1-0: Ball
2-0: Ball
3-0: Called Strike
3-1: Base on Balls
Edgar Ortiz to second
Pitching: RHP Nate LaCava
Batting: RHB Adam Krieger 0-0: Ball
1-0: Ball
2-0: Called Strike
2-1: Swinging Strike
2-2: Ball
3-2: Strikes out looking
Bottom of the 6th over - 0 runs, 1 hit, 0 errors, 2 left on base; Staten Island 0 - Idaho Falls 2
TOP OF THE 7TH
Staten Island Yankees batting - Pitching for Idaho Falls Chukars : RHP Kolenka Leschenya
Batting: RHB Brian Warren 0-0: Ball
1-0: Foul Ball, location: 2F
1-1: Ball
2-1: SOLO HOME RUN (Flyball, 7LD, EV 97.5 MPH), Distance : 351 ft
Batting: RHB Pat Pemberton 0-0: Called Strike
0-1: Ball
1-1: Ball
2-1: SOLO HOME RUN (Flyball, 7LD, EV 95.6 MPH), Distance : 364 ft
Batting: RHB Nate Singleton 0-0: Called Strike
0-1: Ball
1-1: Fly out, F9 (Flyball, 9D, EV 102.5 MPH)
Batting: LHB Dario Segura 0-0: Ball
1-0: Ball
2-0: Ball
3-0: Base on Balls
Batting: RHB Norimoto Miyanishi 0-0: Fly out, F3 (Popup, 3F, EV 74.4 MPH)
Batting: LHB Joe Vida 0-0: Ball
1-0: Ball
2-0: Called Strike
2-1: Called Strike
2-2: 2-RUN HOME RUN (Flyball, 9D, EV 97.5 MPH), Distance : 384 ft
Pitching: RHP Rich Frontczak
Batting: RHB Danny Ayala 0-0: Called Strike
0-1: Foul Ball, location: 2F
0-2: Ball
1-2: Strikes out swinging
Top of the 7th over - 4 runs, 3 hits, 0 errors, 0 left on base; Staten Island 4 - Idaho Falls 2
BOTTOM OF THE 7TH
Idaho Falls Chukars batting - Pitching for Staten Island Yankees : RHP Nate LaCava
Batting: RHB Rogelio Losano 0-0: Ball
1-0: Foul Ball, location: 2F
1-1: Called Strike
1-2: Foul Ball, location: 2F
1-2: Ground out 4-3 (Groundball, 4MS, EV 78.1 MPH)
Batting: RHB Brett Steele 0-0: Foul Ball, location: 2F
0-1: Ground out 5-3 (Groundball, P, EV 83.8 MPH)
Batting: SHB Darius Vinson 0-0: Ball
1-0: Foul Ball, location: 2F
1-1: Ball
2-1: Ball
3-1: Base on Balls
Batting: RHB Chang-keun Baik 0-0: Ball
1-0: Swinging Strike
Balk!
Darius Vinson to second
1-1: Swinging Strike
1-2: Ball
2-2: Foul Ball, location: 2F
2-2: Strikes out swinging
Bottom of the 7th over - 0 runs, 0 hits, 0 errors, 1 left on base; Staten Island 4 - Idaho Falls 2
TOP OF THE 8TH
Staten Island Yankees batting - Pitching for Idaho Falls Chukars : RHP Rich Frontczak
Batting: RHB Francisco Vargas 0-0: Foul Ball, location: 2F
0-1: Ball
1-1: Foul Ball, location: 2F
1-2: Strikes out looking
Batting: RHB Mike Zern 0-0: Ball
1-0: Called Strike
1-1: Ball
2-1: Ball
3-1: Base on Balls
Batting: RHB Brian Warren 0-0: Called Strike
0-1: Called Strike
0-2: Strikes out swinging
Batting: RHB Pat Pemberton 0-0: Fielders Choice at 2nd, U6 (Groundball, 6M, EV 87.5 MPH)
Top of the 8th over - 0 runs, 0 hits, 0 errors, 1 left on base; Staten Island 4 - Idaho Falls 2
BOTTOM OF THE 8TH
Idaho Falls Chukars batting - Pitching for Staten Island Yankees : RHP Nate LaCava
Batting: LHB Corey Lewis 0-0: Called Strike
0-1: Swinging Strike
0-2: Strikes out swinging
Batting: LHB Edgar Ortiz 0-0: Ball
1-0: Called Strike
1-1: Ball
2-1: Foul Ball, location: 2F
2-2: Strikes out looking
Batting: RHB Jose Lozano 0-0: Ball
1-0: Foul Ball, location: 2F
1-1: Ball
2-1: SINGLE (Groundball, 6S, EV 68.8 MPH) (infield hit)
Batting: RHB Vance Coen 0-0: 2-RUN HOME RUN (Flyball, 9D, EV 96.9 MPH), Distance : 382 ft
Pinch Hitting: LHB Travis Lazaro 0-0: SINGLE (Groundball, 34D, EV 105.6 MPH) (infield hit)
Batting: RHB Rogelio Losano 0-0: Ball
Travis Lazaro is caught stealing 2nd base 2-4
Bottom of the 8th over - 2 runs, 3 hits, 0 errors, 0 left on base; Staten Island 4 - Idaho Falls 4
TOP OF THE 9TH
Staten Island Yankees batting - Pitching for Idaho Falls Chukars : RHP Rich Frontczak
Now in LF: Darius Vinson
Now in CF: Robert Rauda
Pinch Hitting: SHB Josh Parker 0-0: Called Strike
0-1: Ball
1-1: Called Strike
1-2: Ball
2-2: Strikes out looking
Batting: LHB Dario Segura 0-0: Ball
1-0: Foul Ball, location: 2F
1-1: Swinging Strike
1-2: DOUBLE (Line Drive, 89D, EV 110.6 MPH)
Batting: RHB Norimoto Miyanishi 0-0: Foul Ball, location: 2F
0-1: Foul Ball, location: 2F
0-2: TRIPLE (Flyball, 8LXD, EV 102.5 MPH)
Dario Segura scores
Batting: LHB Joe Vida 0-0: Intentional Walk
Pinch Hitting: SHB Corey Penson 0-0: Called Strike
0-1: Ball
1-1: Foul Ball, location: 2F
1-2: Foul Ball, location: 2F
1-2: Ball
2-2: Ball
3-2: Foul Ball, location: 2F
3-2: Fly out, F4 (Line Drive, 4M, EV 66.9 MPH)
Pitching: RHP Bryan Kiefer
Batting: RHB Francisco Vargas 0-0: Ball
1-0: Ball
2-0: Foul Ball, location: 2F
2-1: Foul Ball, location: 2F
2-2: Foul Ball, location: 2F
2-2: Fielders Choice at 2nd, 6-4 (Groundball, 6, EV 85.0 MPH)
Top of the 9th over - 1 run, 2 hits, 0 errors, 2 left on base; Staten Island 5 - Idaho Falls 4
BOTTOM OF THE 9TH
Idaho Falls Chukars batting - Pitching for Staten Island Yankees : RHP Nate LaCava
Pitching: RHP Gary Salazar
Now at C: Alex Blanco
Now at SS: Adam Slade
Batting: RHB Rogelio Losano 0-0: Called Strike
0-1: Ball
1-1: Ball
2-1: Foul Ball, location: 2F
2-2: DOUBLE (Groundball, 5L, EV 105.0 MPH)
Pinch Hitting: LHB Miguel Torres 0-0: Ball
1-0: Called Strike
1-1: DOUBLE (Flyball, 89D, EV 95.0 MPH)
Rogelio Losano scores
Batting: SHB Darius Vinson 0-0: SINGLE (Groundball, 4MD, EV 83.1 MPH) (infield hit)
Miguel Torres to third
Batting: RHB Chang-keun Baik 0-0: Swinging Strike
0-1: Called Strike
0-2: Ball
1-2: Ball
2-2: Strikes out looking
Darius Vinson steals 2nd base (no throw)
Batter strikes out.
Batting: LHB Corey Lewis 0-0: Ball
1-0: Ball
Wild Pitch!
Miguel Torres scores
Bottom of the 9th over - 2 runs, 3 hits, 0 errors, 1 left on base; Staten Island 5 - Idaho Falls 6
Thursday, December 15th , 2022 - OOTP Baseball 23.9 Build 102